 Dungeon Crawl Stone Soup version 0.31-a0-1537-g69dc257577 (webtiles) character file.

Game seed: 12488280287812618314

28901 Bnni the Geomancer (level 13, -14/104 HPs)
             Began as a Formicid Earth Elementalist on Jan 1, 2024.
             Was the Champion of Cheibriados.
             Killed from afar by an ironbound thunderhulk (22 damage)
             ... with a bolt of lightning
             ... on level 14 of the Dungeon.
             The game lasted 00:33:54 (14208 turns).

Bnni the Geomancer (Formicid Earth Elementalist)   Turns: 14208, Time: 00:33:55

Health: -14/104    AC: 31    Str: 30    XL:     13   Next: 77%
Magic:  23/31      EV:  9    Int: 33    God:    Cheibriados [******]
Gold:   322        SH: 14    Dex: 29    Spells: 6/30 levels left

rFire   . . .        y - +1 whip (elec)
rCold   . . .        N - +0 kite shield
rNeg    . . .        c - +0 plate armour
rPois   +            (helmet unavailable)
rElec   .            (no cloak)
rCorr   .            (no gloves)
SInv    +            q - +1 pair of boots {rampage}
Will    +....        p
                       - Hermit's Pendant {Faith Invo=14 Evo=0 MP+5} Stlth
                     F - ring of wizardry
HPRegen 0.37/turn    D - ring of poison resistance
MPRegen 0.22/turn

%: rampage, faith, wizardry (x1)
@: very slow
A: permanent stasis, dig shafts and tunnels, antennae 3, four strong arms
a: Dig, Shaft Self, Renounce Religion, Bend Time, Temporal Distortion, Slouch,
Step From Time


You were on level 14 of the Dungeon.
You worshipped Cheibriados.
Cheibriados was exalted by your worship.
You visited 2 branches of the dungeon, and saw 15 of its levels.

You collected 798 gold pieces.
You spent 476 gold pieces at shops.

Inventory:

Hand Weapons
 y - a +1 whip of electrocution (weapon)
 J - a +2 dagger of venom
Missiles
 A - 2 curare-tipped darts
 M - a throwing net
Armour
 c - a +0 plate armour (worn)
 q - a +1 pair of boots of rampaging (worn)
 N - a +0 kite shield (worn)
 P - the +3 ring mail of the Present {rC+ rN+ Dex+5}
   (You found it on level 12 of the Dungeon)

   Dex+5:     It affects your dexterity (+5).
   rC+:       It protects you from cold.
   rN+:       It protects you from negative energy.
Magical Staves
 a - a staff of fire
 n - a staff of cold
Jewellery
 p - the Hermit's Pendant (around neck) {Faith Invo=14 Evo=0 MP+5}
   (You found it on level 5 of the Dungeon)

   [amulet of faith]

   Invo=14: It sets your Invocations skill to 14.
   Evo=0: It sets your Evocations skill to 0.
   Faith:     It allows you to gain divine favour quickly.
   MP+5:      It affects your magic capacity (+5).
 D - a ring of poison resistance (right hand)
 F - a ring of wizardry (left hand)
 H - a ring of fire
 O - a ring of resist corrosion
Wands
 k - a wand of acid (10)
 t - a wand of polymorph (6)
 u - a wand of iceblast (24)
 x - a wand of paralysis (3)
 E - a wand of mindburst (27)
 L - a wand of flame (32)
Scrolls
 d - 4 scrolls of amnesia {unknown}
 f - 3 scrolls of silence
 h - 2 scrolls of noise {unknown}
 i - 3 scrolls of fear {unknown}
 l - 3 scrolls of acquirement {unknown}
 m - a scroll of revelation
 o - 4 scrolls of enchant armour {unknown}
 r - 2 scrolls of fog {unknown}
 s - 4 scrolls of immolation {unknown}
 w - 2 scrolls of enchant weapon {unknown}
 B - a scroll of vulnerability
 K - 2 scrolls of butterflies {unknown}
 Q - a scroll of torment {unknown}
Potions
 b - a potion of magic
 e - 3 potions of lignification
 g - 3 potions of resistance
 j - 9 potions of curing
 v - 3 potions of mutation {unknown}
 z - a potion of brilliance {unknown}
 C - 3 potions of heal wounds
 G - a potion of berserk rage {unknown}
Miscellaneous
 I - a phial of floods


   Skills:
 + Level 10.4 Fighting
 + Level 12.0 Armour
 - Level 1.7 Dodging
 - Level 2.4 Stealth
 + Level 7.8 Shields
 + Level 9.4 Spellcasting
 + Level 4.2 Conjurations
 - Level 3.0 Summonings
 * Level 14.8 Earth Magic


You had 6 spell levels left.
You knew the following spells:

 Your Spells              Type           Power      Damage    Failure   Level
a - Sandblast             Erth           100%       2d20      1%          1
b - Passwall              Erth           85%        N/A       1%          3
c - Stone Arrow           Conj/Erth      100%       3d13      1%          3
d - Brom's Barrelling Bo  Conj/Erth      68%        2d8       2%          4
e - Lee's Rapid Deconstr  Erth           42%        3d21*     1%          5
g - Animate Armour        Summ/Erth      100%       N/A       3%          4
p - Petrify               Alch/Erth      59%        N/A       6%          4

Your spell library contained the following spells:

 Spells                   Type           Power      Damage    Failure   Level
 Magic Dart               Conj           100%       1d8       2%          1
 Summon Small Mammal      Summ           100%       N/A       4%          1
 Shock                    Conj/Air       100%       1d9       6%          1
 Sting                    Conj/Alch      100%       1d9       6%          1
 Call Imp                 Summ           70%        N/A       6%          2
 Leda's Liquefaction      Alch/Erth      29%        N/A       6%          4
 Call Canine Familiar     Summ           35%        N/A       12%         3
 Mercury Vapours          Alch/Air       30%        N/A       21%         2
 Frozen Ramparts          Ice            30%        1d5       36%         3
 Fugue of the Fallen      Necr           15%        N/A       36%         3
 Ozocubu's Armour         Ice            15%        N/A       36%         3
 Summon Blazeheart Golem  Fire/Summ      25%        N/A       54%         4
 Summon Lightning Spire   Summ/Air       25%        N/A       54%         4
 Airstrike                Air            7%         2d(2-18)  75%         4
 Manifold Assault         Tloc           15%        N/A       75%         4
 Olgreb's Toxic Radiance  Alch           15%        N/A       75%         4
 Arcjolt                  Conj/Air       14%        1d24      80%         5
 Metabolic Englaciation   Hex/Ice        7%         N/A       97%         5
 Sculpt Simulacrum        Ice/Alch       7%         N/A       100%        6
 Ozocubu's Refrigeration  Ice            7%         4d9       100%        7
 Maxwell's Capacitive Co  Air            7%         ∞         100%        8
 Chain Lightning          Conj/Air       14%        3d19      100%        9
 Fire Storm               Conj/Fire      14%        8d4       100%        9
 Polar Vortex             Ice            7%         12d1*     100%        9
 Shatter                  Erth           42%        3d33*     100%        9
 Blink                    Tloc           Unusable   N/A       N/A         2
 Swiftness                Air            Unusable   N/A       N/A         3
 Vhi's Electric Charge    Tloc/Air       Unusable   N/A       N/A         4

Dungeon Overview and Level Annotations

Branches:
Dungeon (14/15)            Temple (1/1) D:6            Lair (0/5) D:9
    Orc (0/2) D:10
 Vaults: D:13-14

Altars:
Ashenzari
Cheibriados
Dithmenos
Elyvilon
Fedhas
Gozag
Hepliaklqana
Kikubaaqudgha
Makhleb
Nemelex Xobeh
Okawaru
Qazlal
Ru
Sif Muna
Trog
Uskayaw
Vehumet
Wu Jian
Xom
Yredelemnul
Zin
The Shining One

Shops:
D:2 *   D:3 (   D:5 ?

Portals:
Trove: D:13 (give +4 fire dragon scales)


Innate Abilities, Weirdness & Mutations

You cannot be hasted, slowed, berserked, paralysed or teleported.
You can dig through walls and to a lower floor.
You have a pair of large antennae on your head. (SInv)
Your four strong arms can wield two-handed weapons with a shield.


Message History

Aim: a vampire mosquito (76% to hit)
The blast of sand hits the vampire mosquito!!
You destroy the vampire mosquito!
Cheibriados thoroughly appreciates the change of pace.
An ironbound thunderhulk comes into view.
It is wielding a +0 dire flail.
The human barely misses you.
Unknown command.
Casting: Sandblast (safe; 1% risk of failure)
Confirm with . or Enter, or press ? or * to list all spells.
Aiming: Lee's Rapid Deconstruction (mildly dangerous; 1% risk of failure)
Press: ? - help, Dir - move target A crystal wall.
The crystal wall shatters!
The blast of crystal shards hits the ironbound thunderhulk!!
The ironbound thunderhulk is moderately wounded.
Electricity crackles from the ironbound thunderhulk's apparatus.
The bolt of lightning hits you!!!
Ouch! That really hurt!
You block the human's attack.
Unknown command.
Casting: Lee's Rapid Deconstruction (mildly dangerous; 1% risk of failure)
Confirm with . or Enter, or press ? or * to list all spells.
Aiming: Passwall (safe; 1% risk of failure)
Press: ? - help, Dir - move target A rock wall.
Electricity crackles from the ironbound thunderhulk's apparatus.
The bolt of lightning hits you!!!
* * * LOW HITPOINT WARNING * * *
The human hits you but does no damage.
You begin to meditate on the wall.
You continue meditating on the rock.
The human hits you but does no damage. You block the human's attack.
You continue meditating on the rock.
The human barely misses you. You block the human's attack.
The human hits you but does no damage.
You continue meditating on the rock.
The vault guard shouts!
You block the human's attack.
Electricity crackles from the ironbound thunderhulk's apparatus.
The bolt of lightning hits you!!
You die...

#.............#
...##.#######.#
p# ....#.#
#.###.## ......#
#.##O..# #.#####
#.##.(.## #.#
#.#.....# #.#
#.#.....# #+#
#.##pp'# #.##@p.#
###.##...#
##......###
#....#.####..
#...####.........
### #########. {


You could see an ironbound thunderhulk, a vault guard and 3 humans.

Vanquished Creatures
  Fannar (D:12)
  5 two-headed ogres
  2 centaur warriors (D:13)
  A boulder beetle (D:13)
  3 deep elf pyromancers
  A cyclops (D:12)
  An ugly thing (D:7)
  An elephant (D:8)
  3 meliai (D:13)
  A kobold demonologist (D:12)
  An unseen horror (D:13)
  4 trolls
  7 slime creatures
  4 spriggans (D:10)
  2 shadows
  5 wyverns
  7 wraiths
  19 yaks
  2 steam dragons
  A yak (shapeshifter) (D:10)
  A basilisk (D:8)
  5 vampire mosquitoes
  An acid dragon (D:10)
  A water moccasin (D:7)
  2 orc warriors
  2 black bears
  3 ogres
  5 centaurs
  A phantom (D:7)
  5 kobold brigands
  2 bullfrogs
  A gnoll sergeant (D:9)
  2 scorpions
  4 wights (D:9)
  19 killer bees
  A nameless horror (D:12)
  9 howler monkeys
  A crimson imp (D:10)
  4 hounds (D:6)
  2 jellies
  A gnoll bouda (D:10)
  8 orc priests
  An iron imp (D:10)
  2 sleepcaps (D:4)
  2 iguanas
  Ijyb (D:5)
  18 orc wizards
  15 gnolls
  11 adders
  2 shadow imps
  3 white imps
  4 ufetubi (D:6)
  A ribbon worm (D:4)
  44 orcs
  7 endoplasms
  5 goblins
  9 hobgoblins
  9 jackals
  4 quokkas
  7 ball pythons
  3 bats
  4 frilled lizards
  22 kobolds
  2 rats (D:1)
  A boulder (D:10)
328 creatures vanquished.

Vanquished Creatures (collateral kills)
  Snorg (D:13)
  The ghost of bezhaha the Thaumaturge, a journeyman DjFE of Gozag (D:10)
  6 slime creatures
  A kobold demonologist (D:12)
  A hornet (D:10)
  A troll (D:11)
  A spriggan (D:10)
  13 yaks
  A swamp drake (D:10)
  An orc warrior (D:12)
  2 centaurs
  2 gnoll sergeants (D:11)
  6 killer bees
  An orc wizard (D:12)
  5 gnolls (D:11)
  5 orcs
  2 kobolds
  A boulder (D:11)
51 creatures vanquished.

Vanquished Creatures (others)
  An orc wizard (D:10)
  An orc (D:10)
  2 boulders
4 creatures vanquished.

Grand Total: 383 creatures vanquished

Notes
Turn   | Place    | Note
-------+----------+-------------------------------------------
     0 | D:1      | Bnni the Formicid Earth Elementalist began the quest for
                  | the Orb.
     0 | D:1      | Reached XP level 1. HP: 13/13 MP: 3/3
    36 | D:1      | Reached skill level 1 in Conjurations
    96 | D:1      | Reached XP level 2. HP: 6/20 MP: 0/5
   270 | D:1      | Reached skill level 4 in Earth Magic
   906 | D:2      | Reached skill level 1 in Fighting
   906 | D:2      | Reached XP level 3. HP: 26/26 MP: 3/6
   912 | D:2      | Learned a level 3 spell: Passwall
   916 | D:2      | Learned a level 3 spell: Stone Arrow
  1031 | D:2      | Reached XP level 4. HP: 19/32 MP: 2/7
  1130 | D:2      | Found Lumoivumm's General Store.
  1151 | D:2      | Bought a scroll of identify for 28 gold pieces
  1786 | D:3      | Found Canunt's Weapon Emporium.
  2020 | D:3      | Reached XP level 5. HP: 28/38 MP: 5/9
  2207 | D:4      | Reached skill level 5 in Earth Magic
  2452 | D:4      | Reached XP level 6. HP: 31/45 MP: 6/10
  2775 | D:4      | Reached skill level 6 in Earth Magic
  2775 | D:4      | Reached XP level 7. HP: 51/51 MP: 6/12
  2871 | D:4      | Reached skill level 1 in Summonings
  3034 | D:4      | Reached skill level 1 in Armour
  3278 | D:4      | Identified the +4 ring mail "Aroa" {Rampage rPois}
  3428 | D:5      | Entered Level 5 of the Dungeon
  3514 | D:5      | Reached XP level 8. HP: 47/58 MP: 9/14
  3670 | D:5      | Found Passyz's Magic Scroll Shoppe.
  3698 | D:5      | Reached skill level 7 in Earth Magic
  3776 | D:5      | Found an opulent altar of Gozag.
  3776 | D:5      | Found a bloodstained altar of Trog.
  3845 | D:5      | Noticed Ijyb
  3853 | D:5      | Killed Ijyb
  4017 | D:5      | Found a faded altar of an unknown god.
  4017 | D:5      | Noticed a yak
  4017 | D:5      | Found the Hermit's Pendant {Faith Invo=14 Evo=0 MP+5}
  4021 | D:5      | Killed a yak
  4347 | D:6      | Found a staircase to the Ecumenical Temple.
  4363 | Temple   | Entered the Ecumenical Temple
  4375 | Temple   | Became a worshipper of Cheibriados the Contemplative
  4526 | D:6      | Reached skill level 8 in Earth Magic
  4527 | D:6      | Reached XP level 9. HP: 64/66 MP: 19/19
  5008 | D:6      | Reached * piety under Cheibriados
  5233 | D:6      | Reached skill level 5 in Spellcasting
  5339 | D:7      | Reached skill level 5 in Fighting
  5399 | D:7      | Reached skill level 9 in Earth Magic
  5443 | D:7      | Noticed a red ugly thing
  5698 | D:7      | Learned a level 4 spell: Brom's Barrelling Boulder
  5758 | D:7      | Killed a green ugly thing
  5789 | D:7      | Reached skill level 5 in Armour
  5795 | D:7      | Reached skill level 10 in Earth Magic
  5949 | D:7      | Reached ** piety under Cheibriados
  5950 | D:7      | Reached XP level 10. HP: 76/76 MP: 20/20
  6691 | D:8      | Reached *** piety under Cheibriados
  6706 | D:8      | Reached skill level 11 in Earth Magic
  7417 | D:9      | Found a staircase to the Lair.
  7417 | D:9      | Noticed an elephant
  7439 | D:8      | Killed an elephant
  7554 | D:9      | Reached XP level 11. HP: 63/84 MP: 18/21
  7628 | D:9      | Reached **** piety under Cheibriados
  7885 | D:9      | Reached skill level 12 in Earth Magic
  8299 | D:2      | Bought a book of Iron for 448 gold pieces
  8304 | D:2      | Learned a level 4 spell: Animate Armour
  8310 | D:2      | Learned a level 5 spell: Lee's Rapid Deconstruction
  8848 | D:9      | Noticed a two-headed ogre
  8852 | D:9      | Killed a two-headed ogre
  8852 | D:9      | Reached ***** piety under Cheibriados
  9046 | D:10     | Entered Level 10 of the Dungeon
  9050 | D:10     | Found a staircase to the Orcish Mines.
  9147 | D:10     | Noticed a two-headed ogre
  9150 | D:10     | Killed a two-headed ogre
  9377 | D:10     | Found a runed translucent door.
  9377 | D:10     | Noticed bezhaha's ghost (journeyman DjFE)
  9388 | D:10     | Killed bezhaha's ghost
  9389 | D:10     | Reached skill level 13 in Earth Magic
  9443 | D:10     | Reached XP level 12. HP: 94/94 MP: 19/23
  9642 | D:10     | Reached skill level 1 in Shields
  9941 | D:10     | Learned a level 4 spell: Petrify
 10085 | D:10     | Reached skill level 10 in Armour
 10440 | D:11     | Noticed a two-headed ogre
 10441 | D:11     | Found a shadowy altar of Dithmenos.
 10449 | D:11     | Killed a two-headed ogre
 10538 | D:11     | Reached ****** piety under Cheibriados
 10699 | D:11     | Reached skill level 14 in Earth Magic
 11387 | D:12     | Identified the +3 ring mail of the Present {rC+ rN+ Dex+5}
 11627 | D:12     | Reached skill level 5 in Shields
 11706 | D:12     | Reached XP level 13. HP: 102/102 MP: 25/25
 12261 | D:12     | Reached skill level 10 in Fighting
 12416 | D:12     | Noticed Fannar
 12423 | D:12     | Killed Fannar
 12818 | D:13     | Noticed a centaur warrior
 12823 | D:13     | Killed a centaur warrior
 12853 | D:13     | Noticed a centaur warrior
 12858 | D:13     | Killed a centaur warrior
 13079 | D:13     | Found a white marble altar of Elyvilon.
 13709 | D:13     | Noticed Snorg
 13715 | D:13     | Killed Snorg
 13877 | D:13     | Found a portal to a secret trove of treasure.
 14203 | D:14     | Noticed an ironbound thunderhulk
 14207 | D:14     | Noticed a vault guard
 14208 | D:14     | Killed from afar by an ironbound thunderhulk

Illustrated notes

Levels and vault maps discovered:
D:1:      minmay_arrival_three_doors, layout_basic, amethyst_killhole
D:2:      minmay_door_path, layout_basic, serial_shops, shop,
          minmay_pentomino_o2
D:3:      layout_basic, serial_shops, shop
D:4:      layout_basic, guppyfry_early_orc_mine
D:5:      layout_rooms, mainiacjoe_overflow_divided_tiny, serial_shops, shop,
          hellmonk_guarded_unrand_hermit, uniq_ijyb
D:6:      layout_basic, minmay_temple_entry_statues_fountains,
          serial_bayou_lagoon_a
D:7:      layout_loops_cross, grunt_ministairs_3
D:8:      layout_basic, reono_crystal_passage
D:9:      layout_irregular_city, david_lair_generic, serial_column_ruins,
          column_ruins_circle_small, column_ruins_hut, column_ruins_columns_T,
          column_ruins_columns_straight, column_ruins_corridor_straight,
          column_ruins_open_large, column_ruins_columns_straight
D:10:     kb_forest_paths, layout_loops_ring, orc_0_dummy,
          gammafunk_ghost_grave, hangedman_minor_magic
D:11:     layout_basic, nicolae_dithmenos_shadow_blocks
D:12:     layout_loops_ring, uniq_fannar
D:13:     layout_loops_ring, nicolae_trove_entry_columns, elyvilon_altar_5,
          uniq_snorg
D:14:     layout_loops_corners, hellmonk_vaults_keyhole, grunt_ogre_cave,
          kiku_gazebo_pond_becter, uniq_rupert
Temple:   nicolae_temple_bog_church

Skill      XL: |  1  2  3  4  5  6  7  8  9 10 11 12 13 |
---------------+----------------------------------------+-----
Conjurations   | 1 2 3 4 |  4.2
Earth Magic    | 4 5 6 8 10 11 13 14 | 14.8
Fighting       | 1 2 3 4 6 7 8 9 10 | 10.4
Spellcasting   | 3 4 5 7 8 9 |  9.4
Summonings     | 2 3 |  3.0
Armour         | 1 3 5 7 9 11 12 | 12.0
Shields        | 5 7 |  7.8
Dodging        | |  1.7
Stealth        | |  2.4

Action                     |  1- 3 |  4- 6 |  7- 9 | 10-12 | 13-15 || total
---------------------------+-------+-------+-------+-------+-------++-------
  Melee: Dagger            |    33 |     1 |       |       |       ||    34
         Trident           |       |    10 |    10 |       |       ||    20
         Punch             |       |       |     1 |       |       ||     1
         Whip              |       |       |     4 |    29 |     1 ||    34
  Throw: Dart              |       |       |     3 |     1 |     1 ||     5
   Cast: Sandblast         |    33 |    80 |   162 |   328 |   117 ||   720
         Stone Arrow       |       |       |     7 |     6 |     5 ||    18
         Passwall          |       |       |     4 |       |     1 ||     5
         Brom's Barrelling |       |       |     1 |     4 |       ||     5
         Animate Armour    |       |       |       |    21 |     5 ||    26
         Lee's Rapid Decon |       |       |       |     2 |     4 ||     6
         Petrify           |       |       |       |       |     1 ||     1
 Invoke: Bend Time         |       |       |     1 |       |       ||     1
         Slouch            |       |       |       |       |     1 ||     1
Ability: Dig               |       |       |     1 |     2 |       ||     3
  Evoke: Wand              |       |       |     2 |     1 |       ||     3
    Use: Scroll            |       |     4 |     2 |     4 |       ||    10
   Stab: Sleeping          |       |     1 |       |       |       ||     1
         Petrified         |       |       |       |       |     1 ||     1
 Armour: Robe              |    35 |    31 |       |       |       ||    66
         Ring mail         |       |     2 |   117 |   189 |       ||   308
         Plate armour      |       |       |       |    75 |    86 ||   161
  Dodge: Dodged            |    41 |    36 |    77 |   177 |    31 ||   362
  Block: Kite shield       |       |       |       |    25 |    78 ||   103
         Buckler           |       |       |       |    24 |       ||    24

Table legend: (Time is in decaauts)
 A = Elapsed time spent in this place.
 B = Non-inter-level travel time spent in this place.
 C = Inter-level travel time spent in this place.
 D = Time resting spent in this place.
 E = Time spent auto-exploring this place.
 F = Levels seen in this place.
 G = Mean time per level.
                   A        B        C        D        E       F      G
               +--------+--------+--------+--------+--------+-----+--------+
         Total |  18483 |  17220 |   1263 |   1302 |  13036 |  15 | 1232.2 |
       Dungeon |  18454 |  17206 |   1248 |   1302 |  13036 |  14 | 1318.1 |
        Temple |     29 |     14 |     15 |      0 |      0 |   1 |   29.0 |
               +--------+--------+--------+--------+--------+-----+--------+

Top non-repeatable levels by time:
    D:12: 2261 daAuts
    D:10: 2019 daAuts
    D:13: 1973 daAuts
     D:9: 1848 daAuts
     D:6: 1563 daAuts
     D:8: 1510 daAuts
     D:7: 1436 daAuts
     D:4: 1339 daAuts
    D:11: 1155 daAuts
     D:2: 1044 daAuts
     D:1: 812 daAuts
     D:5: 772 daAuts
     D:3: 497 daAuts
    D:14: 220 daAuts
  Temple: 29 daAuts
